 Dungeon Crawl Stone Soup version 0.17-a0-1446-gc28613e (webtiles) character file.

49 pulse the Grave Robber (level 3, 0/28 HPs)
             Began as a Hill Orc Necromancer on June 28, 2015.
             Killed from afar by Ijyb (10 damage)
             ... with a wand of flame
             ... on level 2 of the Dungeon.
             The game lasted 00:04:28 (1408 turns).

pulse the Grave Robber (Hill Orc Necromancer)       Turns: 1408, Time: 00:04:28

Health: 0/28       AC: 10    Str: 16    XL:     3   Next: 77%
Magic:  5/5        EV:  7    Int: 15    God:
Gold:   42         SH:  0    Dex: 11    Spells: 1 memorised, 4 levels left

rFire  . . .     SeeInvis .     q - +4 dagger
rCold  + . .     Clarity  .     g - +1 chain mail
rNeg   . . .     SustAt   .     (no shield)
rPois  +         Gourm    .     e - +0 helmet
rElec  .         Spirit   .     (no cloak)
rCorr  .         Warding  .     (no gloves)
rMut   .         Stasis   .     (no boots)
MR     .....                    (no amulet)
Stlth  ..........               s - ring of poison resistance
                                d - ring of protection from cold

@: mighty, not resistant to hostile enchantments, extremely unstealthy
A: no striking features
a: no special abilities


You were on level 2 of the Dungeon.
You were very hungry.

You visited 1 branch of the dungeon, and saw 2 of its levels.

You collected 42 gold pieces.

Inventory:

Hand weapons
 q - a +4 dagger (weapon)
Armour
 e - a +0 helmet (worn)
 g - a +1 chain mail (worn)
Jewellery
 d - a ring of protection from cold (left hand)
 s - a ring of poison resistance (right hand)
Potions
 l - a potion of heal wounds {unknown}
 m - a potion of curing
 n - a potion of brilliance {unknown}
 t - a potion of cure mutation {unknown}
Books
 b - a book of Necromancy

   Spells                             Type                      Level
   a - Pain                           Necromancy                   1
   b - Animate Skeleton               Necromancy                   1
   c - Vampiric Draining              Necromancy                   3
   d - Regeneration                   Charms/Necromancy            3
   e - Animate Dead                   Necromancy                   4
   f - Control Undead                 Necromancy                   4
Comestibles
 c - a bread ration
 f - 2 meat rations
 i - a beef jerky


   Skills:
 * Level 1.3 Fighting
 * Level 1.9 Armour
 - Level 1.5 Dodging
 - Level 1.5 Stealth
 + Level 1.5 Spellcasting
 + Level 4.6 Necromancy


You had 4 spell levels left.
You knew the following spells:

 Your Spells              Type           Power        Failure   Level  Hunger
a - Pain                  Necr           ###.         69%         1    ##.....


Dungeon Overview and Level Annotations

Branches:
Dungeon (2/15)

Altars:

Annotations:
D:2 Ijyb


Message History

You are too injured to fight recklessly!
You are too injured to fight recklessly!
You are too injured to fight recklessly!
You are too injured to fight recklessly!
You are too injured to fight recklessly!
It was a potion of might.
You feel very mighty all of a sudden.
Ijyb zaps a wand.
The puff of flame hits you!
* * * LOW HITPOINT WARNING * * *
You are feeling very hungry.
You puncture Ijyb!
Ijyb is moderately wounded.
Ijyb closely misses you.
Your chain mail prevents you from hitting Ijyb.
Ijyb is moderately wounded.
Ijyb screams, "I dance on your bones!"
Ijyb zaps a wand.
The puff of flame hits you!
It was a potion of curing.
You feel better.
Ijyb zaps a wand.
The puff of flame hits you!
You die...

,,,,,,* *,**,**,**,** #.##
****,,****#.##.#*.#,,,#######..##
,,,,,,,,,,,..<..,..,,,..........#
,,**,,,,,,,,....*.#,,,######.....
****,**,,,,,,...#.#*,*#####...)..
*,**,*#,,*#..#.#*,,.......†...
*,**,*#.,##..#.#***#####...>..
****,**,*#..#..g#.# ##.....
,,,,,*,,,......g@.# ##...#
******,,*##.......# ##.##
,,,,,,,,* #.......# #.##
,*****,** #......†############.##
,* *,* ##.....†............)## ,*
*,* ##...#.############### ,* *,*
###.#.# ,*****,* #.#.# ,,,,,,,*
#.#.#***********


You could see Ijyb and a goblin.

Vanquished Creatures
  An adder (D:2)
  2 oozes (D:1)
  A giant cockroach (D:1)
  2 goblins (D:1)
  6 hobgoblins
  9 bats
  5 giant newts
  5 kobolds (D:1)
  A rat (D:1)
32 creatures vanquished.

Notes
Turn   | Place    | Note
--------------------------------------------------------------
     0 | D:1      | pulse the Hill Orc Necromancer began the quest for the Orb.
     0 | D:1      | Reached XP level 1. HP: 14/14 MP: 3/3
   351 | D:1      | Reached XP level 2. HP: 18/20 MP: 1/4
   663 | D:1      | Reached skill level 1 in Armour
   696 | D:1      | Reached XP level 3. HP: 7/27 MP: 5/5
   713 | D:1      | Reached skill level 1 in Fighting
  1318 | D:2      | Found a faded altar to an unknown god.
  1398 | D:2      | Noticed Ijyb
  1405 | D:2      | HP: 1/28 [Ijyb/wand of flame (6)]
  1408 | D:2      | Killed from afar by Ijyb

Vault maps used:
D:1:      dpeg_arrival_water_temple_mockup, minmay_three_crescents
D:2:      gammafunk_temple_overflow_statue, ecumenical_altar_1, uniq_robin,
          uniq_iyjb

Action                   || total
-------------------------++-------
Melee: Spear             ||    46
       Unarmed           ||    13
       Dagger            ||    34
 Cast: Pain              ||    16
  Use: Scroll            ||     5
       Potion            ||     2
  Eat: Chunk             ||     1
